 Dungeon Crawl Stone Soup version 0.28.0-1-gb440e238dd (webtiles) character file.

Game seed: 5752062179238287795

198 Sanktem7 the Skirmisher (level 5, 0/48 HPs)
             Began as a Minotaur Fighter on Feb 25, 2022.
             Slain by a gnoll (2 damage)
             ... on level 3 of the Dungeon.
             The game lasted 00:03:35 (2014 turns).

Sanktem7 the Skirmisher (Minotaur Fighter)          Turns: 2014, Time: 00:03:35

Health: 0/48       AC:  8    Str: 22    XL:     5   Next: 47%
Magic:  0/4        EV:  9    Int:  5    God:
Gold:   96         SH:  4    Dex: 10    Spells: 4/4 levels left

rFire   . . .      SeeInvis .   a - +0 war axe {axe}
rCold   . . .      Faith    .   c - +0 buckler
rNeg    . . .      Spirit   +   b - +0 scale mail
rPois   +          Reflect  .   (helmet restricted)
rElec   .          Harm     .   (no cloak)
rCorr   .          Rampage  .   j - +0 pair of gloves
Will    .....                   (no boots)
Stlth   ..........              l - amulet of guardian spirit
HPRegen 0.16/turn               i - ring of poison resistance
MPRegen 0.09/turn               (no ring)

@: no status effects
A: horns 2, retaliatory headbutt
a: no special abilities


You were on level 3 of the Dungeon.
You visited 1 branch of the dungeon, and saw 3 of its levels.

You collected 96 gold pieces.


Innate Abilities, Weirdness & Mutations

You have a pair of horns on your head.
You reflexively headbutt those who attack you in melee.


   Skills:
 * Level 5.5 Fighting
 * Level 4.8 Axes
 + Level 4.5 Armour
 - Level 3.6 Shields


You had 4 spell levels left.
You didn't know any spells.
Your spell library was empty.

Inventory:

Hand Weapons
 a - a +0 war axe (weapon) {axe}
Missiles
 f - 59 stones (quivered) {throwing}
 q - 12 bolts
Armour
 b - a +0 scale mail (worn)
 c - a +0 buckler (worn)
 j - a +0 pair of gloves (worn)
   (You found it on level 1 of the Dungeon)
Jewellery
 i - a ring of poison resistance (left hand)
   (You found it on level 1 of the Dungeon)
 l - an amulet of guardian spirit (around neck)
   (You found it on level 1 of the Dungeon)
Scrolls
 g - a scroll of teleportation {unknown}
 o - a scroll of identify {unknown}
 p - a scroll of enchant weapon {unknown}
 r - a scroll of immolation {unknown}
Potions
 d - a potion of might
 e - a potion of attraction {unknown}
 h - a potion of brilliance {unknown}
 k - a potion of cancellation {unknown}
 m - a potion of curing {unknown}
 n - a potion of lignification {unknown}

Dungeon Overview and Level Annotations

Branches:
Dungeon (3/15)

Altars:
Nemelex Xobeh

Shops:
D:2

: ##.###### #.......
#....... #####.......
.... ...........#
.... ........##.#
..... .<. #.##.#
..... ....
#.##.#...... ....
#@##.#...... .....>.
#.g.).......
.......####...#####
#.........(....#
......##......###
#.................
#..........#..###.#
######.###........###
#........>...........


You could see a gnoll.


Message History

The gnoll shouts!
The gnoll hits you but does no damage.
You closely miss the gnoll.
The gnoll hits you with a +0 club. 😕 HP[-1]
You take 1 damage, and now have 47/48 hp.
You barely miss the gnoll.
The gnoll hits you with a +0 club. 😕 HP[-1]
You take 1 damage, and now have 46/48 hp.
You closely miss the gnoll. The gnoll hits you but does no damage.
The gnoll hits you with a +0 club.
An orc comes into view. It is wielding a +0 war axe. 😕 HP[-1]
You take 1 damage, and now have 45/48 hp.
You completely miss the gnoll. The gnoll hits you but does no damage.
You barely miss the gnoll. The gnoll barely misses you. 😕 HP[+1]
You slash the gnoll! The gnoll closely misses you.
The gnoll completely misses you.
You slash the gnoll!
You kill the gnoll!
The gnoll hits you from afar with a +0 halberd.
The gnoll hits you from afar with a +0 halberd! 😮 HP[-11] MP[-1]
You take 11 damage, and now have 35/48 hp.
MASSIVE DAMAGE!! (PAUSE)
You lost 1 mp, and now have 3/4 mp.
You barely miss the gnoll. The gnoll barely misses you.
The gnoll closely misses you. The gnoll hits you with a +0 club!
The orc hits you with a +0 war axe. 😮 HP[-9]
You take 9 damage, and now have 26/48 hp.
You closely miss the gnoll. Your headbutt misses the gnoll.
You closely miss the orc. The gnoll misses you. The gnoll closely misses you.
The orc hits you but does no damage. 😮 HP[+1]
You closely miss the orc. Your headbutt misses the orc.
You barely miss the gnoll.
The gnoll hits you from afar with a +0 halberd!
* * * LOW HITPOINT WARNING * * *
The gnoll hits you with a +0 club.
* * * LOW HITPOINT WARNING * * *
The orc hits you with a +0 war axe.
* * * LOW HITPOINT WARNING * * *
The gnoll barely misses you.
The gnoll hits you but does no damage. 😨 HP[-12] MP[-1]
You take 12 damage, and now have 15/48 hp.
MASSIVE DAMAGE!! (PAUSE)
You lost 1 mp, and now have 2/4 mp.
The orc hits you but does no damage.
You closely miss the orc. The orc hits you with a +0 war axe.
* * * LOW HITPOINT WARNING * * *
😱 HP[-5] MP[-1]
You take 5 damage, and now have 10/48 hp.
You lost 1 mp, and now have 1/4 mp.
You barely miss the orc. The orc hits you with a +0 war axe.
* * * LOW HITPOINT WARNING * * *
😱 HP[-4] MP[-1]
You take 4 damage, and now have 6/48 hp.
You lost 1 mp, and now have 0/4 mp.
You closely miss the orc. You block the gnoll's attack.
The orc barely misses you. You furiously retaliate!
You headbutt the orc. The gnoll barely misses you. 😱 MP[+1]
The orc barely misses you. You furiously retaliate!
You headbutt the orc!
You kill the orc!
The gnoll closely misses you. The gnoll hits you with a +0 club.
* * * LOW HITPOINT WARNING * * *
The gnoll closely misses you. 😱 HP[-1] MP[-1]
You take 1 damage, and now have 5/48 hp.
You lost 1 mp, and now have 0/4 mp.
You barely miss the gnoll. The gnoll hits you but does no damage.
You block the gnoll's attack. The gnoll barely misses you.
You furiously retaliate!
You headbutt the gnoll, but do no damage. 😱 HP[+1]
You slash the gnoll! You headbutt the gnoll. You block the gnoll's attack.
The gnoll closely misses you.
You closely miss the gnoll. The gnoll barely misses you.
The gnoll hits you with a +0 club.
* * * LOW HITPOINT WARNING * * *
The gnoll closely misses you. 😱 HP[-1]
You take 1 damage, and now have 5/48 hp.
Unknown command.
You slash the gnoll!
You kill the gnoll!
The gnoll misses you. The gnoll hits you with a +0 halberd.
* * * LOW HITPOINT WARNING * * *
Things that are here:
a +0 club {mace}; a gnoll corpse You barely miss the gnoll.
The gnoll hits you with a +0 halberd.
* * * LOW HITPOINT WARNING * * *
😱 HP[-3] MP[+1]
You take 3 damage, and now have 2/48 hp.
You closely miss the gnoll. The gnoll misses you.
The gnoll hits you with a +0 halberd.
You die...

Skill      XL: |  1  2  3  4 |
---------------+-------------+-----
Fighting       | 4 5 |  5.5
Axes           | 3 4 |  4.8
Armour         | 4 |  4.5
Shields        | |  3.6

Action                   |  1- 3 |  4- 6 || total
-------------------------+-------+-------++-------
Melee: War axe           |    92 |    31 ||   123
       Headbutt          |    10 |     5 ||    15
Armor: Scale mail        |    57 |    11 ||    68
Dodge: Dodged            |    44 |    22 ||    66
Block: Buckler           |    17 |     5 ||    22

Levels and vault maps discovered:
D:1:      doesnt_arrival_eight_statues, layout_basic,
          hellmonk_ecumenical_altar_inner_sanctum, minmay_misc_feat_nine_boxes
D:2:      layout_basic, basic_altar, serial_shops, nicolae_shop_hallway_plus,
          kennysheep_generic_room_8
D:3:      layout_basic, roderic_batcave

Notes
Turn   | Place    | Note
-------+----------+-------------------------------------------
     0 | D:1      | Sanktem7 the Minotaur Fighter began the quest for the Orb.
     0 | D:1      | Reached XP level 1. HP: 19/19 MP: 0/0
     0 | D:1      | magus.rc [v1.9.6]
   145 | D:1      | Reached skill level 4 in Fighting
   145 | D:1      | Reached XP level 2. HP: 27/27 MP: 1/1
   167 | D:1      | Reached skill level 3 in Axes
   376 | D:1      | Found a faded altar of an unknown god.
   549 | D:1      | Reached XP level 3. HP: 33/33 MP: 2/2
   657 | D:1      | Reached skill level 4 in Armour
   921 | D:2      | Found Viaxaer's Book Boutique.
  1043 | D:2      | Found a sparkling altar of Nemelex Xobeh.
  1407 | D:3      | Reached skill level 4 in Axes
  1407 | D:3      | Reached XP level 4. HP: 41/41 MP: 3/3
  1428 | D:3      | Reached skill level 5 in Fighting
  1430 | D:3      | Reached XP level 5. HP: 19/48 MP: 1/4
  2001 | D:3      | HP: 10/48 [orc (5)]
  2007 | D:3      | HP: 5/48 [gnoll (1)]
  2012 | D:3      | HP: 5/48 [gnoll (1)]
  2013 | D:3      | HP: 2/48 [gnoll (3)]
  2014 | D:3      | Slain by a gnoll

Vanquished Creatures
  A vampire bat (D:3)
  2 orc priests (D:3)
  2 gnolls (D:3)
  An adder (D:3)
  3 dart slugs (D:1)
  2 orcs (D:3)
  9 ball pythons
  11 bats
  5 endoplasms
  4 giant cockroaches
  6 goblins
  2 hobgoblins
  6 kobolds
  3 frilled lizards
  5 rats
62 creatures vanquished.

Table legend:
 A = Non-vault XP
 B = Vault XP
 C = Vault XP percentage of total XP
 D = Non-vault monster count
 E = Vault monster count
 F = Vault count percentage of total count
                 A         B        C        D         E       F
            +---------+---------+-------+---------+---------+-------
      Total |     212 |      71 |  25.1 |      52 |      10 |  16.1
            +---------+---------+-------+---------+---------+-------
        D:1 |      48 |       0 |   0.0 |      26 |       0 |   0.0
        D:2 |      25 |       3 |  10.7 |      15 |       2 |  11.8
        D:3 |     139 |      68 |  32.9 |      11 |       8 |  42.1
            +---------+---------+-------+---------+---------+-------

Illustrated notes

Table legend:
 A = Kills in this place as a percentage of kills in entire the game.
 B = Kills by you in this place as a percentage of kills by you in the entire game.
 C = Kills by friends in this place as a percentage of kills by friends in the entire game.
 D = Other kills in this place as a percentage of other kills in the entire game.
 E = Experience gained in this place as a percentage of experience gained in the entire game.
 F = Experience gained in this place divided by the number of levels of this place that you have seen.
                   A       B       C       D       E      F
               +-------+-------+-------+-------+-------+----------------------
         Total | 100.0 | 100.0 |   N/A |   N/A | 100.0 |  94.3
       Dungeon | 100.0 | 100.0 |   N/A |   N/A | 100.0 |  94.3
               +-------+-------+-------+-------+-------+----------------------

Table legend: (Time is in decaauts)
 A = Elapsed time spent in this place.
 B = Non-inter-level travel time spent in this place.
 C = Inter-level travel time spent in this place.
 D = Time resting spent in this place.
 E = Time spent auto-exploring this place.
 F = Levels seen in this place.
 G = Mean time per level.
                   A        B        C        D        E       F      G
               +--------+--------+--------+--------+--------+-----+--------+
         Total |   2057 |   2014 |     43 |    504 |   1178 |   3 |  685.7 |
       Dungeon |   2057 |   2014 |     43 |    504 |   1178 |   3 |  685.7 |
               +--------+--------+--------+--------+--------+-----+--------+

Top non-repeatable levels by time:
     D:1: 728 daAuts
     D:2: 672 daAuts
     D:3: 656 daAuts
